 Dungeon Crawl Stone Soup version 0.31.0-11-ge490571c62 (webtiles) character file.

Game seed: 5353768895840027098

63 qw the Shooter (level 3, -2/20 HPs)
             Began as a Deep Elf Hunter on Feb 3, 2024.
             Succumbed to their own poison gas
             ... on level 2 of the Dungeon.
             The game lasted 00:00:09 (1495 turns).

qw the Shooter (Deep Elf Hunter)                    Turns: 1495, Time: 00:00:10

Health: -2/20      AC:  8    Str: 10    XL:     3   Next: 89%
Magic:  5/5        EV:  9    Int: 13    God:
Gold:   112        SH:  0    Dex: 18    Spells: 2/2 levels left

rFire   . . .        a - +1 shortbow
rCold   + . .        (shield currently unavailable)
rNeg    . . .        e - +0 scale mail
rPois   .            (no helmet)
rElec   .            (no cloak)
rCorr   .            b - +0 pair of gloves
SInv    .            j - +0 pair of boots
Will    .....        i - amulet of faith
Stlth   +            g - ring of protection from cold
HPRegen 0.23/turn    (no ring)
MPRegen 0.09/turn

%: faith
@: lethally poisoned (-2 -> -12)
A: no striking features
a: no special abilities


You were on level 2 of the Dungeon.
You visited 1 branch of the dungeon, and saw 2 of its levels.

You collected 112 gold pieces.


   Skills:
 - Level 1.5 Fighting
 + Level 7.3 Ranged Weapons
 - Level 2.4 Dodging
 - Level 1.2 Stealth


You had 2 spell levels left.
You didn't know any spells.
Your spell library was empty.

Inventory:

Hand Weapons
 a - a +1 shortbow (weapon)
Armour
 b - a +0 pair of gloves (worn)
 e - a +0 scale mail (worn)
 j - a +0 pair of boots (worn)
Jewellery
 g - a ring of protection from cold (left hand)
 i - an amulet of faith (around neck)
Potions
 f - a potion of attraction {unknown}
 h - a potion of might {unknown}
 k - a potion of mutation
 l - a potion of invisibility {unknown}

Dungeon Overview and Level Annotations

Branches:
Dungeon (2/15)

Altars:

Shops:
D:1 :


Message History

You see here a jackal skeleton.
You now have 112 gold pieces (gained 10).
m - a scroll labelled ESIPAQ KY SUXT A kobold comes into view.
It is wielding a +0 whip.
The kobold shouts!
You shoot an arrow. The arrow hits the kobold.
You kill the kobold!
Things that are here:
a +0 whip; a kobold corpse You see here a +0 spear.
There is a stone staircase leading down here.
There is a stone staircase leading down here.
Found a robe.
Found 4 stones.
Done exploring.
1484 ||| UPGRADING to +0 pair of gloves.
You start putting on your armour.
You continue putting on your +0 pair of gloves. x4
You finish putting on your +0 pair of gloves.
1489 ||| READING scroll labelled XESMOERU VURO.
The air fills with toxic fumes!
As you read the scroll labelled XESMOERU VURO, it crumbles to dust.
It was a scroll of poison.
1490 ||| READING scroll labelled UPNEKKENYA.
As you read the scroll labelled UPNEKKENYA, it crumbles to dust.
The air around you briefly surges with heat, but it dissipates.
It was a scroll of immolation.
1491 ||| READING scroll labelled ESIPAQ KY SUXT.
As you read the scroll labelled ESIPAQ KY SUXT, it crumbles to dust.
It is a scroll of enchant weapon.
1491 ||| ENCHANTING +0 shortbow.
Your +0 shortbow glows red for a moment.
You are engulfed in poison gas.
You are lethally poisoned!
You feel very sick.
1493 ||| Stepping ~*~*~tactically~*~*~ (cloud).
You feel very sick.
There is a lethal amount of poison in your body!
You feel very sick.
There is a lethal amount of poison in your body!
You die...

#####.# #..
####.### #.#
#¤.....# #.#
#¤##.#.##### #.#
#¤##.#.....#####.#
#¤##...###.......#
#¤####.# ########.
#¤####0# #.
#@¤¤¤¤¤# #.
######## #. #. #.
#. #. #. #. #.


There were no monsters in sight!

Vanquished Creatures
  An adder (D:2)
  A dart slug (D:2)
  4 bats
  6 endoplasms
  2 giant cockroaches (D:1)
  2 goblins
  3 hobgoblins
  7 jackals
  5 kobolds
  4 quokkas
  4 ball pythons
  2 frilled lizards
  4 rats
45 creatures vanquished.

Notes
Turn   | Place    | Note
-------+----------+-------------------------------------------
     0 | D:1      | qw the Deep Elf Hunter began the quest for the Orb.
     0 | D:1      | Reached XP level 1. HP: 12/12 MP: 3/3
     0 | D:1      | 0 ||| qw: Version: 0.3-a-155-g5e7d8dd
     0 | D:1      | 0 ||| qw: Game counter: 3455
     0 | D:1      | 0 ||| qw: Melee chars always use a shield: true
     0 | D:1      | 0 ||| qw: God list: Okawaru
     0 | D:1      | 0 ||| qw: Allow faded altars: false
     0 | D:1      | 0 ||| qw: Do Orc after clearing Dungeon:15 true
     0 | D:1      | 0 ||| qw: Do second Lair branch before Depths: true
     0 | D:1      | 0 ||| qw: Lair rune preference: random
     0 | D:1      | 0 ||| qw: Goals: Normal
     0 | D:1      | 0 ||| PLANNING D:1-11
   172 | D:1      | Reached XP level 2. HP: 16/16 MP: 4/4
   202 | D:1      | Reached skill level 6 in Ranged Weapons
   266 | D:1      | Found Bestiapp's Book Shoppe.
   544 | D:1      | Reached XP level 3. HP: 20/20 MP: 5/5
   738 | D:1      | 738 ||| UPGRADING to +0 scale mail.
   748 | D:1      | 748 ||| DROPPING +0 leather armour.
   749 | D:1      | 749 ||| UPGRADING to +0 pair of boots.
   754 | D:1      | 754 ||| UPGRADING to amulet of faith.
   759 | D:1      | 759 ||| UPGRADING to ring of protection from cold.
   760 | D:1      | 760 ||| READING scroll labelled EHAEK HANEP.
   761 | D:1      | 761 ||| READING scroll labelled PERUMP IS GOCU.
   762 | D:1      | 762 ||| READING scroll labelled TEQEKH XAONUA.
   762 | D:1      | 762 ||| IDENTIFYING bubbling yellow potion
   763 | D:1      | 763 ||| DROPPING scroll of butterflies.
   811 | D:2      | Found a faded altar of an unknown god.
   972 | D:2      | Reached skill level 7 in Ranged Weapons
  1484 | D:2      | 1484 ||| UPGRADING to +0 pair of gloves.
  1489 | D:2      | 1489 ||| READING scroll labelled XESMOERU VURO.
  1490 | D:2      | 1490 ||| READING scroll labelled UPNEKKENYA.
  1491 | D:2      | 1491 ||| READING scroll labelled ESIPAQ KY SUXT.
  1491 | D:2      | 1491 ||| ENCHANTING +0 shortbow.
  1493 | D:2      | 1493 ||| Stepping ~*~*~tactically~*~*~ (cloud).
  1493 | D:2      | HP: 4/20 [poisoned by you (poison gas)]
  1494 | D:2      | HP: 1/20 [poisoned by you (poison gas)]
  1495 | D:2      | Succumbed to their own poison gas

Levels and vault maps discovered:
D:1:      dpeg_arrival_castle, layout_loops_ring, serial_shops, shop,
          dk_noncrumbling_2
D:2:      layout_loops_cross, nicolae_ecumenical_oubliette

Skill      XL: |  1  2  3 |
---------------+----------+-----
Ranged Weapons | 6 7 |  7.3
Fighting       | |  1.5
Dodging        | |  2.4
Stealth        | |  1.2

Action                     || total
---------------------------++-------
   Fire: Shortbow          ||    97
    Use: Scroll            ||     6
 Armour: Leather armour    ||     3
         Scale mail        ||    14
  Dodge: Dodged            ||    16

Table legend:
 A = Non-vault XP
 B = Vault XP
 C = Vault XP percentage of total XP
 D = Non-vault monster count
 E = Vault monster count
 F = Vault count percentage of total count
                 A         B        C        D         E       F
            +---------+---------+-------+---------+---------+-------
      Total |      91 |       0 |   0.0 |      45 |       0 |   0.0
            +---------+---------+-------+---------+---------+-------
        D:1 |      48 |       0 |   0.0 |      27 |       0 |   0.0
        D:2 |      43 |       0 |   0.0 |      18 |       0 |   0.0
            +---------+---------+-------+---------+---------+-------
